 Dungeon Crawl Stone Soup version 0.21.0-3-g78d12a8 (webtiles) character file.

161 Dfrag the Firebug (level 5, 20/35 HPs)
             Began as a Demonspawn Fire Elementalist on Jan 11, 2018.
             Quit the game on level 4 of the Dungeon.
             The game lasted 00:03:44 (2070 turns).

Dfrag the Firebug (Demonspawn Fire Elementalist)    Turns: 2070, Time: 00:03:44

Health: 20/35      AC:  4    Str:  8    XL:     5   Next: 18%
Magic:  2/9        EV: 12    Int: 18    God:
Gold:   108        SH:  0    Dex: 13    Spells: 2/10 levels left

rFire    . . .     SeeInvis .   (no weapon)
rCold    . . .     Gourm    .   (no shield)
rNeg     . . .     Faith    .   a - +0 robe
rPois    .         Spirit   .   (no helmet)
rElec    .         Reflect  .   (no cloak)
rCorr    .         Harm     +   (no gloves)
MR       .....                  (no boots)
Stlth    ++........             i - amulet of harm
HPRegen  0.11/turn              (no ring)
MPRegen  0.11/turn              (no ring)

@: no status effects
A: talons 1, thin metallic scales 1, demonic guardian 1
a: no special abilities


You were on level 4 of the Dungeon.
You were not hungry.

You visited 1 branch of the dungeon, and saw 4 of its levels.

You collected 108 gold pieces.

Inventory:

Armour
 a - a +0 robe (worn)
Jewellery
 i - an amulet of harm (around neck)
 q - a cursed ring of loudness {unknown}
Wands
 n - a wand of iceblast (11)
Scrolls
 d - 6 scrolls of identify {unknown}
 j - a scroll of fear {unknown}
 k - a scroll of teleportation {unknown}
 m - 2 scrolls of remove curse {unknown}
 o - a scroll of random uselessness {unknown}
 p - a scroll of amnesia {unknown}
Potions
 e - a potion of agility {unknown}
 f - a potion of lignification {unknown}
 g - 5 potions of curing {unknown}
 h - a potion of berserk rage {unknown}
 l - 2 potions of heal wounds {unknown}
Books
 b - a book of Flames

   Spells                             Type                      Level
   a - Flame Tongue                   Conjuration/Fire             1
   b - Throw Flame                    Conjuration/Fire             2
   c - Conjure Flame                  Conjuration/Fire             3
   d - Inner Flame                    Hexes/Fire                   3
   e - Sticky Flame                   Conjuration/Fire             4
   f - Fireball                       Conjuration/Fire             5
Comestibles
 c - 5 rations


   Skills:
 - Level 1.7 Dodging
 - Level 1.7 Stealth
 + Level 3.3 Spellcasting
 + Level 3.0 Conjurations
 + Level 3.7 Fire Magic


You had 2 spell levels left.
You knew the following spells:

 Your Spells              Type           Power        Failure   Level  Hunger
a - Flame Tongue          Conj/Fire      ###..        4%          1    None
b - Conjure Flame         Conj/Fire      ###.....     12%         3    ###....
c - Sticky Flame          Conj/Fire      ###.....     36%         4    ####...


Dungeon Overview and Level Annotations

Branches:
Dungeon (4/15)
 Temple: D:4-7

Altars:
Ashenzari
Fedhas
Hepliaklqana

Annotations:
D:3 Kraisor's ghost, novice HOMo


Innate Abilities, Weirdness & Mutations

You have sharp toenails.
You are partially covered in thin metallic scales. (AC +2)
A weak demonic guardian rushes to your aid.


Message History

You can't see any susceptible monsters within range! (Use Z to cast anyway.) Unknown command.
Casting: Flame Tongue
Confirm with . or Enter, or press ? or * to list all spells.
You can't see any susceptible monsters within range! (Use Z to cast anyway.) Unknown command.
Items here: )) [[ †† Butcher an orc corpse? [(y)es/(c)hoosy/(n)o/(a)ll/(e)dible/(q)uit/?]
Butcher an orc corpse? [(y)es/(c)hoosy/(n)o/(a)ll/(e)dible/(q)uit/?]
There isn't anything else to butcher here.
You butcher the orc corpse.
r - a chunk of flesh
Items here: )) [[ ÷ † Unknown command.
Unknown command.
You start resting.
Eating a chunk of flesh.
You eat the chunk of flesh.
This raw flesh tastes terrible.
Things that are here:
5 tomahawks; a leather armour; an orc corpse Are you sure you want to abandon this character and quit the game? (Confirm with "yes".)

#.# #.# ## #.# .. #.#
#### #.########.###.. #
.. ...#.......#.# #.#
#...##.#.###.#.#.# ...##
......<..#...#.#)#......
##.......#...#..@.......
........<#...#.#.#.#####
#.######.#...#.#.#.# #
..........# #
#.#...###.# ..#...) ..#
.#.#..## ... #.. .##


There were no monsters in sight!

Vanquished Creatures
  2 orc wizards (D:4)
  5 adders
  2 worms (D:3)
  A leopard gecko (D:2)
  2 orcs
  4 giant cockroaches
  10 goblins
  6 hobgoblins
  4 jackals (D:1)
  5 kobolds
  A quokka (D:2)
  6 bats
  A frilled lizard (D:1)
  9 rats
58 creatures vanquished.

Notes
Turn   | Place    | Note
-------+----------+-------------------------------------------
     0 | D:1      | Dfrag the Demonspawn Fire Elementalist began the quest for the Orb.
     0 | D:1      | Reached XP level 1. HP: 13/13 MP: 3/3
   180 | D:1      | Gained mutation: You have sharp toenails. [demonic ancestry]
   180 | D:1      | Reached XP level 2. HP: 9/19 MP: 0/5
   554 | D:1      | Gained mutation: You are partially covered in thin metallic scales. (AC +2) [demonic ancestry]
   554 | D:1      | Reached XP level 3. HP: 20/24 MP: 2/6
  1017 | D:2      | Found a hazy altar of Hepliaklqana.
  1562 | D:3      | Reached XP level 4. HP: 20/30 MP: 1/8
  1637 | D:2      | Found a blossoming altar of Fedhas.
  1637 | D:2      | Found a shattered altar of Ashenzari.
  1841 | D:3      | Noticed Kraisor's ghost (novice HOMo)
  1918 | D:2      | Learned a level 3 spell: Conjure Flame
  1923 | D:2      | Learned a level 4 spell: Sticky Flame
  2064 | D:4      | Gained mutation: A weak demonic guardian rushes to your aid. [demonic ancestry]
  2064 | D:4      | Reached XP level 5. HP: 19/35 MP: 1/9
  2070 | D:4      | Quit the game

Skill      XL: |  1  2  3  4 |
---------------+-------------+-----
Fire Magic     | 3 |  3.7
Conjurations   | 2 3 |  3.0
Spellcasting   | 3 |  3.3
Dodging        | |  1.7
Stealth        | |  1.7

Action                   |  1- 3 |  4- 6 || total
-------------------------+-------+-------++-------
Melee: Unarmed           |    26 |       ||    26
       Kick              |     7 |       ||     7
 Cast: Flame Tongue      |    73 |    33 ||   106
  Eat: Chunk             |     2 |     2 ||     4
Armor: Robe              |     9 |     3 ||    12
Dodge: Dodged            |    43 |     6 ||    49
